 Dungeon Crawl Stone Soup version 0.30-a0-870-gc5d4c5acee (webtiles) character file.

Game seed: 11692186976124419855

2400523 sasquatch the Formicid Barricade (level 27, 249/249 HPs)
             Began as a Formicid Fighter on Mar 9, 2023.
             Was the Champion of Ru.
             Escaped with the Orb
             ... and 4 runes on Mar 12, 2023!
             The game lasted 02:39:31 (67494 turns).

sasquatch the Formicid Barricade (FoFi)            Turns: 67494, Time: 02:39:32

Health: 249/249    AC: 51    Str: 31    XL:     27
Magic:  23/23      EV: 12    Int: 10    God:    Ru [******]
Gold:   3452       SH: 34    Dex: 18    Spells: 26/26 levels left

rFire   + + .      SeeInvis +    T - +9 bardiche (vamp)
rCold   + + .      Faith    .    x - +3 tower shield of Impressiveness {+Inv rC+}
rNeg    + . .      Spirit   .    o - +12 gold dragon scales
rPois   +          Reflect  +    (helmet unavailable)
rElec   +          Rampage  .    h - +1 cloak of Starlight {*Dazzle EV+4 Stlth--}
rCorr   +                        f - +2 pair of gloves {Dex+3}
Will    +++..                    y - +3 pair of boots "Wismuq" {+Inv rElec Slay+4} Stlth
                                 v - amulet of reflection
HPRegen 0.61/turn                d - ring of Qazlal's Inspiration {rF+ rCorr Str-2 Stlth+}
MPRegen 0.18/turn                g - ring "Deozxamm" {Drain rN+ Will+ Dex+2}

@: studying 2 skills
A: permanent stasis, dig shafts and tunnels, antennae 3, inhibited regeneration,
inability to read after injury 2, inability to use devices, inability to train
dodging, no earth magic, no hexes magic, no translocations magic, four strong
arms, mutation resistance 1, wild magic 1, inability to drink after injury 1
0: Orb of Zot
}: 4/15 runes: barnacled, slimy, silver, gossamer
a: Dig, Shaft Self, Renounce Religion, Draw Out Power, Power Leap, Apocalypse


You escaped.
You worshipped Ru.
Ru was exalted by your worship.
You visited 10 branches of the dungeon, and saw 52 of its levels.
You also visited: Bailey, Gauntlet and Ice Cave.

You collected 7131 gold pieces.
You spent 3679 gold pieces at shops.

Inventory:

Hand Weapons
 a - the +5 glaive of the Dark Horse {drain, Will+}
   (You bought it in a shop on level 2 of the Orcish Mines)

   Will:      It increases your willpower.
 J - the +5 broad axe of Rotation {vamp, rN+ Will+ Str+3}
   (You found it on level 5 of the Pits of Slime)

   Str:       It affects your strength (+3).
   rN:        It protects you from negative energy.
   Will:      It increases your willpower.
 T - a +9 vampiric bardiche (weapon)
 V - the +5 glaive of the Guard {elec, spectral, AC+5}
   (You found it on level 11 of the Dungeon)

   AC:        It affects your AC (+5).
Missiles
 t - 49 boomerangs (quivered)
 E - 18 javelins
 F - 4 throwing nets
 X - 11 curare-tipped darts
Armour
 c - a +2 pair of boots of flying
 f - a +2 pair of gloves of dexterity (worn)
 h - the +1 cloak of Starlight (worn) {*Dazzle EV+4 Stlth--}
   (You acquired it on level 7 of the Dungeon)

   *Dazzle:   It may blind those who miss an attack against the wearer in melee
   combat.
   EV:        It affects your evasion (+4).
   Stlth:     It makes you much less stealthy.
 o - +12 gold dragon scales (worn)
 x - the +3 tower shield of Impressiveness (worn) {+Inv rC+}
   (You acquired it on level 5 of the Vaults)

   rC:        It protects you from cold.
   +Inv:      It lets you turn invisible.
 y - the +3 pair of boots "Wismuq" (worn) {+Inv rElec Slay+4}
   (You found it in a Gauntlet)

   Slay:      It affects your accuracy & damage with ranged weapons and melee
   (+4).
   rElec:     It insulates you from electricity.
   +Inv:      It lets you turn invisible.
Jewellery
 d - the ring of Qazlal's Inspiration (left hand) {rF+ rCorr Str-2 Stlth+}
   (You found it on level 5 of the Pits of Slime)

   [ring of resist corrosion]

   Str:       It affects your strength (-2).
   rF:        It protects you from fire.
   rCorr:     It protects you from acid and corrosion.
   Stlth:     It makes you more stealthy.
 g - the ring "Deozxamm" (right hand) {Drain rN+ Will+ Dex+2}
   (You found it on level 9 of the Dungeon)

   [ring of positive energy]

   Dex:       It affects your dexterity (+2).
   rN:        It protects you from negative energy.
   Drain:     It drains your maximum health when unequipped.
   Will:      It increases your willpower.
 k - the ring "Xeem" {Fly rElec}
   (You found it on level 5 of the Pits of Slime)

   [ring of flight]

   rElec:     It insulates you from electricity.
   Fly:       It grants you flight.
 v - an amulet of reflection (around neck)
 C - the ring "Dokir" {rElec rF+ MP+9 Stlth+}
   (You took it off a minotaur in a Gauntlet)

   [ring of magical power]

   rF:        It protects you from fire.
   rElec:     It insulates you from electricity.
   MP:        It affects your magic capacity (+9).
   Stlth:     It makes you more stealthy.
Scrolls
 b - 12 scrolls of poison
 l - a scroll of brand weapon
 q - 3 scrolls of enchant armour
 w - 4 scrolls of torment
 A - 4 scrolls of summoning
 D - 2 scrolls of fear
 G - 2 scrolls of enchant weapon
 I - 2 scrolls of magic mapping
 O - 43 scrolls of identify
 Q - 2 scrolls of silence
 R - 7 scrolls of fog
 U - 8 scrolls of amnesia
Potions
 e - 27 potions of curing
 j - 10 potions of ambrosia
 m - 10 potions of heal wounds
 n - 7 potions of brilliance
 p - 11 potions of lignification
 r - 11 potions of mutation
 s - 6 potions of invisibility
 u - 11 potions of flight
 z - 12 potions of attraction
 B - 9 potions of cancellation
 H - 6 potions of magic
 W - 8 potions of might
 Y - 4 potions of resistance


   Skills:
 O Level 27 Fighting
 O Level 27 Polearms
 + Level 17.5 Throwing
 O Level 27 Armour
 O Level 27 Shields


You had 26 spell levels left.
You didn't know any spells.
Your spell library contained the following spells:

 Spells                   Type           Power      Damage    Failure   Level
 Beastly Appendage        Tmut           0%         N/A       92%         1
 Foxfire                  Conj/Fire      0%         2x1d4     92%         1
 Magic Dart               Conj           0%         1d3       92%         1
 Necrotise                Necr           0%         1d4       92%         1
 Shock                    Conj/Air       0%         1d3       92%         1
 Sting                    Tmut/Pois      0%         1d3       92%         1
 Summon Small Mammal      Summ           0%         N/A       92%         1
 Call Imp                 Summ           0%         N/A       98%         2
 Cigotuvi's Dreadful Rot  Necr/Pois/Air  0%         N/A       98%         2
 Poisonous Vapours        Pois/Air       0%         N/A       98%         2
 Sublimation of Blood     Necr           0%         N/A       98%         2
 Wereblood                Tmut           0%         N/A       98%         2
 Call Canine Familiar     Summ           0%         N/A       100%        3
 Hailstorm                Conj/Ice       0%         3d3       100%        3
 Mephitic Cloud           Conj/Pois/Air  0%         N/A       100%        3
 Ozocubu's Armour         Ice            0%         N/A       100%        3
 Spider Form              Tmut/Pois      0%         N/A       100%        3
 Vampiric Draining        Necr           0%         2d6       100%        3
 Dispel Undead            Necr           0%         3d6       100%        4
 Ice Form                 Ice/Tmut       0%         N/A       100%        4
 Olgreb's Toxic Radiance  Pois           0%         N/A       100%        4
 Agony                    Necr           0%         N/A       100%        5
 Alistair's Intoxication  Tmut/Pois      0%         N/A       100%        5
 Arcjolt                  Conj/Air       0%         1d10      100%        5
 Blade Hands              Tmut           0%         N/A       100%        5
 Fireball                 Conj/Fire      0%         3d3       100%        5
 Irradiate                Conj/Tmut      0%         3d11      100%        5
 Iskenderun's Battlesphe  Conj           0%         2d6       100%        5
 Conjure Ball Lightning   Conj/Air       0%         3x3d6     100%        6
 Death Channel            Necr           0%         N/A       100%        6
 Simulacrum               Ice/Necr       0%         N/A       100%        6
 Starburst                Conj/Fire      0%         6d3       100%        6
 Dragon Form              Tmut           0%         N/A       100%        7
 Orb of Destruction       Conj           0%         9d5       100%        7
 Ozocubu's Refrigeration  Ice            0%         4d7       100%        7
 Spellforged Servitor     Conj/Summ      0%         N/A       100%        7
 Storm Form               Tmut/Air       0%         N/A       100%        7
 Borgnjor's Revivificati  Necr           0%         N/A       100%        8
 Necromutation            Tmut/Necr      0%         N/A       100%        8
 Death's Door             Necr           0%         N/A       100%        9
 Sandblast                Erth           Unusable   2d4       N/A         1
 Slow                     Hex            Unusable   N/A       N/A         1
 Blink                    Tloc           Unusable   N/A       N/A         2
 Lesser Beckoning         Tloc           Unusable   N/A       N/A         2
 Momentum Strike          Conj/Tloc      Unusable   3d8       N/A         2
 Passwall                 Tmut/Erth      Unusable   N/A       N/A         2
 Confusing Touch          Hex            Unusable   N/A       N/A         3
 Dazzling Flash           Conj/Hex       Unusable   N/A       N/A         3
 Gell's Gravitas          Tloc           Unusable   N/A       N/A         3
 Inner Flame              Hex/Fire       Unusable   N/A       N/A         3
 Kindle Blastsparks       Fire/Tloc/Air  Unusable   2d10      N/A         3
 Portal Projectile        Hex/Tloc       Unusable   N/A       N/A         3
 Summon Guardian Golem    Hex/Summ       Unusable   N/A       N/A         3
 Teleport Other           Tloc           Unusable   N/A       N/A         3
 Tukima's Dance           Hex            Unusable   N/A       N/A         3
 Cause Fear               Hex            Unusable   N/A       N/A         4
 Fulminant Prism          Conj/Hex       Unusable   3d5       N/A         4
 Iskenderun's Mystic Bla  Conj/Tloc      Unusable   2d3       N/A         4
 Petrify                  Tmut/Erth      Unusable   N/A       N/A         4
 Borgnjor's Vile Clutch   Necr/Erth      Unusable   N/A       N/A         5
 Lee's Rapid Deconstruct  Erth           Unusable   3d4*      N/A         5
 Metabolic Englaciation   Hex/Ice        Unusable   N/A       N/A         5
 Silence                  Hex/Air        Unusable   N/A       N/A         5
 Discord                  Hex            Unusable   N/A       N/A         8
 Lehudib's Crystal Spear  Conj/Erth      Unusable   10d2      N/A         8

Dungeon Overview and Level Annotations

Branches:
Dungeon (15/15)            Temple (0/1) D:7            Lair (5/5) D:8
 Shoals (4/4) Lair:2       Spider (4/4) Lair:2        Slime (5/5) Lair:4
    Orc (2/2) D:9             Elf (3/3) Orc:2        Vaults (5/5) D:14
  Crypt (0/3) Vaults:3     Depths (4/4) D:15            Zot (5/5) Depths:4
 Bailey (visited)           IceCv (visited)         Gauntlet (visited)

Altars:
Ashenzari
Cheibriados
Dithmenos
Elyvilon
Fedhas
Hepliaklqana
Kikubaaqudgha
Makhleb
Nemelex Xobeh
Qazlal
Ru
Vehumet
Wu Jian
Xom
Yredelemnul
Zin
Jiyva

Shops:
D:3 (   Orc:2 (:?(:   Elf:1 [   Vaults:1 ?   Depths:1 *[   Depths:3 *(
Depths:4 ??(!

Portals:
Hell: Depths:1 Depths:2 Depths:3 Depths:4
Abyss: Depths:3 Depths:4
Pandemonium: Depths:2
Ziggurat: Depths:2


Innate Abilities, Weirdness & Mutations

You cannot be hasted, slowed, berserked, paralysed or teleported.
You can dig through walls and to a lower floor.
You have a pair of large antennae on your head. (SInv)
You do not regenerate when monsters are visible.
You sometimes lose the ability to read scrolls when taking damage.
You cannot study or use magical devices.
You cannot train Dodging skill.
You cannot study or cast Earth magic.
You cannot study or cast Hexes magic.
You cannot study or cast Translocations magic.
Your four strong arms can wield two-handed weapons with a shield.
You are somewhat resistant to further mutation.
Your spells are a little harder to cast, but a little more powerful.
You occasionally lose the ability to drink potions when taking damage.


Message History

You feel better.
You kill the Orb Guardian!
No target in view!
No target in view!
There is a stone staircase leading up here.
You climb upwards.
There is a stone staircase leading down here.
(D) Dungeon (T) Temple (L) Lair (A) Shoals (N) Spider Nest (M) Slime Pits (O) Orcish Mines (E) Elven Halls (V) Vaults (C) Crypt (U) Depths (H) Hell (Z) Zot
Where to? (Enter - D:1, ? - help) Natasha, Servant of Life and Death comes into view.
Natasha hisses angrily.
You redirect Natasha's attack!
You closely miss Natasha. You block Natasha's attack.
You slice Natasha!!
You kill Natasha!
No target in view!
(D) Dungeon (T) Temple (L) Lair (A) Shoals (N) Spider Nest (M) Slime Pits (O) Orcish Mines (E) Elven Halls (V) Vaults (C) Crypt (U) Depths (H) Hell (Z) Zot
Where to? (Enter - D:1, ? - help)
There is an open door here.
There is a stone staircase leading up here.
You climb upwards.
There is a stone staircase leading down here.
(D) Dungeon (T) Temple (L) Lair (A) Shoals (N) Spider Nest (M) Slime Pits (O) Orcish Mines (E) Elven Halls (V) Vaults (C) Crypt (U) Depths (H) Hell (Z) Zot
Where to? (Enter - D:1, ? - help) You're already here!
A hellion comes into view.
You reach to attack!
You barely miss the hellion.
You reach to attack!
You slice the hellion!!
The hellion is severely wounded.
You reach to attack!
You slash the hellion!
You kill the hellion!
No target in view!
No target in view!
(D) Dungeon (T) Temple (L) Lair (A) Shoals (N) Spider Nest (M) Slime Pits (O) Orcish Mines (E) Elven Halls (V) Vaults (C) Crypt (U) Depths (H) Hell (Z) Zot
Where to? (Enter - D:1 @ (x,y), ? - help)
Okay, then.
There is a large open door here.
There is an open door here.
There is a staircase leading out of the dungeon here.
You have escaped!

....#####.#.+..+.#...♣#♣#♣#♣.....
###.......###..###.........#.....
#.......#8....8#...♣.♣.♣.♣.....
#.......###..###............... ♣
#.......#.+..+.#...♣.♣.♣.♣.....
♣♣♣.......###..###...............
P♣♣♣......#8....8#...♣#♣.♣#♣.....
..♣♣......###..###..............#
.PP♣......#.'..'@##############.#
♣♣♣♣#########..###...............
♣♣♣.# ##8..8##.############..
♣♣..#########''##............)...
...................###.......#(..
.#.#########.#.#...# #.......#...
.#.#....♣♣♣♣♣#.#...# #...........
.#.#.##♣♣P.♣♣♣.#...# #.......#...
...#.#.♣♣PP........# #######.#...


There were no monsters in sight!

Vanquished Creatures
  the Royal Jelly (Slime:5)
  Dissolution (Slime:5)
  A pandemonium lord (Zot:1)
  A dread lich (Vaults:4)
  7 orbs of fire (Zot:5)
  2 ancient liches
  The ghost of Bealaq the Black Belt, a legendary GnFE of Okawaru (Zot:1)
  4 juggernauts
  Sojobo (Depths:4)
  Margery (Vaults:4)
  4 Killer Klowns (Zot:5)
  Saint Roka (Vaults:3)
  4 curse toes (Zot:2)
  2 caustic shrikes (Depths:3)
  11 golden dragons
  Jory (Vaults:3)
  A profane servitor (Zot:1)
  2 electric golems (Zot:5)
  2 Brimstone Fiends
  A hellephant (Depths:1)
  Jorgrun (Orc:1)
  Zenata (Vaults:1)
  2 Ice Fiends
  19 tentacled monstrosities
  9 liches
  30 Orb Guardians
  2 quicksilver dragons
  3 Hell Sentinels
  2 deep elf master archers (Elf:3)
  4 deep elf blademasters (Elf:3)
  14 acid blobs
  A walking divine tome (Depths:3)
  5 titans
  7 death cobs
  A walking frostbound tome (Depths:2)
  Agnes (Elf:1)
  13 sphinxes
  9 storm dragons
  8 shadow dragons
  2 draconian monks
  7 tengu reavers
  10 rockslimes (Slime:5)
  8 fire giants
  10 emperor scorpions
  3 draconian knights
  11 frost giants
  11 azure jellies
  12 deep elf sorcerers
  2 draconian shifters (Zot:5)
  6 ghost moths
  2 iron dragons
  21 vault wardens
  Aizul (Vaults:3)
  5 draconian scorchers
  9 draconian annihilators
  Louise (Shoals:1)
  3 deep elf elementalists (Elf:3)
  A spriggan defender (Depths:3)
  3 war gargoyles
  3 orc warlords
  A caustic shrike skeleton (Depths:3)
  10 draconian stormcallers
  11 ironbound thunderhulks
  5 quicksilver oozes
  17 ironbound preservers
  39 very ugly things
  3 broodmothers
  17 stone giants
  A vampire knight (Depths:2)
  4 deep elf demonologists
  Nessos (Lair:4)
  11 green draconians
  8 black draconians
  2 eleionomae (Shoals:3)
  10 white draconians
  9 deep elf annihilators
  A lorocyproca (Depths:2)
  8 dire elephants
  10 spark wasps
  6 yellow draconians
  10 purple draconians
  9 deep elf death magi
  3 minotaurs
  A blizzard demon (Gauntlet)
  10 ettins
  An iron golem (Depths:2)
  12 red draconians
  2 crystal guardians
  2 merfolk javelineers
  An entropy weaver (Spider:4)
  Josephine (D:15)
  A quicksilver dragon zombie (Depths:3)
  18 fire dragons
  3 merfolk impalers
  15 yaktaur captains
  6 ice dragons
  7 deep elf high priests
  7 great orbs of eyes
  7 rakshasas
  33 vault guards
  6 hydras
  3 peacekeepers
  5 spriggan air magi
  A merfolk avatar (Shoals:1)
  28 centaur warriors
  5 radroaches
  3 catoblepae (Lair:5)
  2 merfolk aquamancers (Shoals:2)
  14 ironbound frosthearts
  35 dancing weapons
  Erica (D:8)
  8 boulder beetles
  A jorogumo (Spider:4)
  6 two-headed ogres
  8 tengu warriors
  6 deep troll shamans
  3 vampire magi
  6 death yaks
  6 deep troll earth magi
  12 satyrs
  2 titan zombies (D:11)
  8 hell hogs (Depths:1)
  4 orc high priests
  5 spriggan berserkers
  A shock serpent (shapeshifter) (D:15)
  3 skysharks (Shoals:2)
  A titan skeleton (Vaults:4)
  19 hell knights
  13 deep elf knights
  A soul eater (Zot:1)
  3 iron trolls
  The ghost of greenreed the Thaumaturge, a novice SpEE of Kikubaaqudgha (D:10)
  Amaemon (D:8)
  41 deep trolls
  5 pharaoh ants
  2 flayed ghosts
  8 sea snakes
  A shadow dragon zombie (Depths:1)
  An orb spider (shapeshifter) (Depths:3)
  6 glowing orange brains
  9 orb spiders
  A lindwurm (shapeshifter) (D:14)
  A swamp dragon (Lair:5)
  4 lindwurms
  An obsidian statue (Zot:5)
  5 phantasmal warriors
  15 deep elf archers
  11 wizards
  A harpy (shapeshifter) (Vaults:3)
  A tengu zombie (Vaults:2)
  An orange crystal statue (IceCv)
  7 steelbarb worms
  2 stone giant zombies
  31 deep elf pyromancers
  2 shining eyes (Slime:5)
  15 ironbound convokers
  11 necromancers
  28 wolf spiders
  36 harpies
  A frost giant zombie (Depths:1)
  10 orc knights
  28 deep elf zephyrmancers
  A human zombie (Vaults:4)
  45 ugly things
  9 orc sorcerers
  A salamander (shapeshifter) (Vaults:4)
  28 manticores
  A manticore (shapeshifter) (Vaults:5)
  30 fauns
  A shadow dragon skeleton (Depths:3)
  A black mamba (shapeshifter) (Vaults:2)
  24 moths of wrath
  A guardian serpent (shapeshifter) (D:13)
  17 cyclopes
  A frost giant skeleton (Depths:3)
  4 merfolk sirens
  Maurice (D:8)
  15 elephants
  21 vault sentinels
  8 apocalypse crabs (Zot:2)
  An orange demon (D:8)
  8 water nymphs
  An eye of devastation (shapeshifter) (D:9)
  7 demonic crawlers
  4 black mambas
  A gargoyle (D:11)
  A smoke demon (D:6)
  A naga mage (Vaults:1)
  11 cane toads
  5 torpor snails
  An efreet (D:14)
  A hellion (D:1)
  18 rime drakes
  An unseen horror (D:12)
  2 kobold demonologists (D:12)
  2 freezing wraiths
  8 komodo dragons
  2 spriggan skeletons (Depths:1)
  An unseen horror (shapeshifter) (D:15)
  48 yaktaurs
  4 tengu conjurers
  3 ice devils
  A queen bee (D:15)
  A red devil (Depths:2)
  7 trolls
  6 meliai
  A shadow dragon simulacrum (Vaults:4)
  29 merfolk
  22 polar bears
  5 hornets
  4 wind drakes
  A hornet (shapeshifter) (Vaults:5)
  A blink frog (Lair:5)
  An ettin zombie (Vaults:2)
  2 hellwings (Depths:2)
  Prince Ribbit (Bailey)
  5 dream sheep
  22 tarantellas
  5 snapping turtles
  A dream sheep (shapeshifter) (Depths:2)
  68 slime creatures
  Sigmund (D:3)
  9 flying skulls (Gauntlet)
  2 air elementals
  29 jumping spiders
  4 shadows
  A ynoxinul (Depths:4)
  A culicivora (shapeshifter) (D:13)
  2 vampires
  25 culicivoras
  2 spriggans
  5 wyverns
  23 water elementals
  11 wraiths
  40 yaks
  Eustachio (D:4)
  An ettin skeleton (Vaults:4)
  A redback (shapeshifter) (Depths:2)
  3 basilisks
  2 fire elementals
  6 humans (Bailey)
  53 redbacks
  A chaos spawn (Depths:2)
  5 steam dragons
  4 wargs
  7 hell hounds
  17 water moccasins
  Duvessa (D:4)
  3 acid dragons
  A floating eye (Depths:2)
  25 orc warriors
  3 ice beasts
  9 ogres
  2 sky beasts (D:7)
  33 wolves
  19 centaurs
  A phantom (D:5)
  Blork the orc (D:4)
  5 kobold brigands
  2 earth elementals
  2 gnoll sergeants (D:9)
  22 bullfrogs
  A cyclops zombie (D:11)
  A glowing shapeshifter simulacrum (Depths:1)
  5 scorpions
  A scorpion (shapeshifter) (Depths:4)
  3 wights (D:7)
  Dowan (D:4)
  A human simulacrum (Vaults:2)
  15 killer bees
  7 electric eels
  5 howler monkeys
  A small abomination (Zot:1)
  A lava snake (D:7)
  4 hounds
  A jelly (D:8)
  A sleepcap (D:6)
  17 orc priests
  A gnoll bouda (D:9)
  3 iguanas
  2 hell rats (D:8)
  Natasha (twice) (D:2)
  21 orc wizards
  4 gnolls (D:9)
  10 adders
  A shadow imp (D:6)
  A white imp (D:5)
  2 ufetubi
  5 worms
  2 dart slugs
  69 orcs
  5 ball pythons
  6 bats
  2 endoplasms (D:2)
  5 giant cockroaches
  7 goblins
  13 hobgoblins
  4 jackals (D:2)
  15 kobolds
  4 quokkas
  12 frilled lizards
  7 rats
  A spectral orc (D:8)
  2 plants
2320 creatures vanquished.

Vanquished Creatures (collateral kills)
  Rupert (Lair:5)
1 creature vanquished.

Vanquished Creatures (others)
  A Killer Klown (Zot:5)
  A draconian knight (Zot:2)
  A draconian stormcaller (Depths:4)
  A very ugly thing (Vaults:2)
  A white draconian (Zot:1)
  A centaur warrior (Vaults:3)
  A deep troll (Vaults:3)
  A deep elf archer (Elf:1)
  A necromancer (Vaults:4)
  An orc sorcerer (Orc:2)
  A deep elf zephyrmancer (Elf:1)
  A manticore (Elf:1)
  A phantasmal warrior (Vaults:4)
  A moth of wrath (Zot:3)
  A faun (Shoals:3)
  A komodo dragon (Lair:5)
  4 yaktaurs
  A merfolk (Shoals:4)
  2 air elementals (Elf:1)
  A water elemental (Shoals:2)
  A redback (Spider:4)
  An acid dragon (D:11)
  A kobold (D:8)
  A bush (Lair:5)
  42 fungi
  107 plants
  A withered plant (Gauntlet)
178 creatures vanquished.

Grand Total: 2499 creatures vanquished

Notes
Turn   | Place    | Note
-------+----------+-------------------------------------------
     0 | D:1      | sasquatch the Formicid Fighter began the quest for the Orb.
     0 | D:1      | Reached XP level 1. HP: 18/18 MP: 1/1
   167 | D:1      | Reached XP level 2. HP: 13/24 MP: 2/2
  1142 | D:2      | Reached XP level 3. HP: 26/29 MP: 3/3
  1211 | D:2      | Found a sacrificial altar of Ru.
  1236 | D:2      | Became a worshipper of Ru the Awakened
  1678 | D:2      | Noticed Natasha
  1680 | D:2      | Killed Natasha
  1681 | D:2      | Reached XP level 4. HP: 35/35 MP: 4/4
  1975 | D:3      | Found a faded altar of an unknown god.
  2066 | D:3      | Reached XP level 5. HP: 41/41 MP: 5/5
  2206 | D:3      | Noticed Sigmund
  2235 | D:3      | Killed Sigmund
  2236 | D:3      | Reached XP level 6. HP: 26/47 MP: 6/6
  2384 | D:3      | Found Wutocil's Antique Weapon Shop.
  2487 | D:3      | Gained mutation: You do not regenerate when monsters are
                  | visible. [Ru sacrifice]
  2512 | D:4      | Noticed Dowan
  2512 | D:4      | Noticed Duvessa
  2582 | D:4      | Killed Duvessa
  2583 | D:4      | Reached XP level 7. HP: 30/52 MP: 7/7
  2589 | D:4      | Killed Dowan
  2821 | D:4      | Noticed Eustachio
  2846 | D:4      | Killed Eustachio
  2984 | D:4      | Noticed Blork the orc
  3338 | D:4      | Killed Blork the orc
  3339 | D:4      | Reached XP level 8. HP: 49/58 MP: 8/8
  3414 | D:5      | Entered Level 5 of the Dungeon
  3483 | D:5      | Found a sacrificial altar of Ru.
  4202 | D:5      | Reached skill level 10 in Polearms
  4472 | D:6      | Found a hazy altar of Hepliaklqana.
  4671 | D:6      | Reached XP level 9. HP: 64/64 MP: 9/9
  4952 | D:6      | Found a broken altar of Ashenzari.
  5315 | D:6      | Found a glowing silver altar of Zin.
  5402 | D:7      | Identified a scroll of acquirement
  5402 | D:7      | Acquired the +1 cloak of Starlight {*Dazzle EV+4 Stlth--}
  5402 | D:7      | Found the +1 cloak of Starlight {*Dazzle EV+4 Stlth--}
  5467 | D:7      | Found a stormy altar of Qazlal.
  5467 | D:7      | Found a sparkling altar of Nemelex Xobeh.
  5632 | D:7      | Found a flagged portal.
  5677 | Bailey   | Entered a bailey
  5730 | Bailey   | Reached XP level 10. HP: 49/70 MP: 10/10
  6195 | Bailey   | Noticed a vault guard
  6196 | Bailey   | Gained mutation: You cannot train Dodging skill. [Ru
                  | sacrifice]
  6196 | Bailey   | Reached * piety under Ru
  6196 | Bailey   | Reached ** piety under Ru
  6213 | Bailey   | Killed a vault guard
  6387 | Bailey   | Noticed Prince Ribbit
  6409 | Bailey   | Killed Prince Ribbit
  6576 | Bailey   | Noticed a vault guard
  6603 | Bailey   | Killed a vault guard
  6604 | Bailey   | Reached XP level 11. HP: 51/87 MP: 11/11
  7009 | D:7      | Found a staircase to the Ecumenical Temple.
  7234 | D:8      | Noticed a death yak
  7234 | D:8      | Noticed a death yak
  7234 | D:8      | Found a staircase to the Lair.
  7319 | D:8      | Noticed Erica
  7343 | D:8      | Killed Erica
  7344 | D:8      | Reached skill level 10 in Fighting
  7420 | D:8      | Found a blossoming altar of Fedhas.
  7589 | D:8      | Noticed Maurice
  7618 | D:8      | Killed Maurice
  7739 | D:8      | Killed a death yak
  7800 | D:8      | Noticed Amaemon
  7808 | D:8      | Killed Amaemon
  7819 | D:8      | Reached skill level 15 in Polearms
  7935 | D:8      | Noticed a death yak
  7966 | D:8      | Killed a death yak
  7974 | D:8      | Killed a death yak
  8390 | D:8      | Found a basalt altar of Yredelemnul.
  8514 | Lair:1   | Entered Level 1 of the Lair of Beasts
  8591 | Lair:1   | Reached XP level 12. HP: 97/97 MP: 12/12
  8851 | Lair:1   | Reached skill level 5 in Shields
  9523 | Lair:2   | Found a staircase to the Shoals.
  9550 | Lair:2   | Reached skill level 5 in Armour
  9713 | Lair:2   | Noticed a boulder beetle
  9847 | Lair:2   | Gained mutation: You occasionally lose the ability to read
                  | scrolls when taking damage. [Ru sacrifice]
  9847 | Lair:2   | Gained mutation: You sometimes lose the ability to read
                  | scrolls when taking damage. [Ru sacrifice]
  9847 | Lair:2   | Reached *** piety under Ru
  9893 | Lair:2   | Found a hole to the Spider Nest.
 10234 | Lair:2   | Killed a boulder beetle
 10884 | Lair:3   | Reached XP level 13. HP: 102/103 MP: 13/13
 10889 | Lair:3   | Reached skill level 10 in Shields
 11687 | Lair:4   | You fall into a shaft and drop 1 floor!
 11687 | Lair:5   | Entered Level 5 of the Lair of Beasts
 11883 | Lair:4   | Reached skill level 10 in Armour
 12230 | Lair:4   | Gained mutation: You cannot study or cast Earth magic. [Ru
                  | sacrifice]
 12230 | Lair:4   | Gained mutation: You cannot study or cast Hexes magic. [Ru
                  | sacrifice]
 12230 | Lair:4   | Gained mutation: You cannot study or cast Translocations
                  | magic. [Ru sacrifice]
 12230 | Lair:4   | Reached **** piety under Ru
 12236 | Lair:4   | Found a staircase to the Slime Pits.
 12238 | Lair:4   | Found a viscous altar of Jiyva.
 12322 | Lair:4   | Noticed Nessos
 12347 | Lair:4   | Killed Nessos
 12686 | Lair:4   | Upgraded the game from 0.30-a0-862-g1aabd4f9c5 to
                  | 0.30-a0-870-gc5d4c5acee
 12796 | Lair:5   | Noticed Rupert
 12806 | Lair:5   | Killed Rupert
 13310 | Lair:5   | Noticed a catoblepas
 13326 | Lair:5   | Killed a catoblepas
 13327 | Lair:5   | Reached XP level 14. HP: 72/115 MP: 14/14
 13634 | Lair:5   | Noticed a dire elephant
 14462 | Lair:5   | Identified the +6 scale mail of Gyofezo {rPois Stlth+}
 15503 | Lair:5   | Killed a dire elephant
 15756 | D:9      | Found a staircase to the Orcish Mines.
 15874 | D:9      | Gained mutation: You cannot study or use magical devices.
                  | [Ru sacrifice]
 15874 | D:9      | Reached ***** piety under Ru
 15874 | D:9      | Reached ****** piety under Ru
 16304 | D:9      | Identified the ring "Deozxamm" {Drain rN+ Will+ Dex+2}
 16411 | D:9      | Found an ornate altar of the Wu Jian Council.
 16442 | D:9      | Found a snail-covered altar of Cheibriados.
 16551 | D:9      | Found a white marble altar of Elyvilon.
 16557 | D:9      | Found a burning altar of Makhleb.
 16588 | D:10     | Entered Level 10 of the Dungeon
 17279 | D:10     | Found a runed translucent door.
 17279 | D:10     | Found an ancient bone altar of Kikubaaqudgha.
 17279 | D:10     | Found a shimmering altar of Xom.
 17279 | D:10     | Noticed greenreed's ghost (novice SpEE)
 17725 | D:10     | Reached XP level 15. HP: 127/127 MP: 15/15
 17733 | D:10     | Killed greenreed's ghost
 17848 | Orc:1    | Entered Level 1 of the Orcish Mines
 17955 | Orc:1    | Noticed Jorgrun
 17973 | Orc:1    | Killed Jorgrun
 18268 | Orc:2    | Entered Level 2 of the Orcish Mines
 18268 | Orc:2    | Found a staircase to the Elven Halls.
 18450 | Orc:2    | Found Ofacoj's Self-Improvement Boutique.
 18460 | Orc:2    | Bought a manual of Polearms for 960 gold pieces
 18656 | Orc:2    | Reached skill level 15 in Fighting
 19939 | Orc:2    | Found Faogisulaff's Weapon Shop.
 19944 | Orc:2    | Found Butipisi's Magic Scroll Shoppe.
 19951 | Orc:2    | Found Burchiral's Book Shoppe.
 19953 | Orc:2    | Found Avasmul's Weapon Shop.
 19981 | Orc:2    | Bought the +5 glaive of the Dark Horse {drain, Will+} for
                  | 640 gold pieces
 20154 | D:11     | Found a gate leading to a gauntlet.
 20174 | Gauntlet | Entered a Gauntlet
 20174 | Gauntlet | Found a transporter.
 20174 | Gauntlet | Found a transporter.
 20174 | Gauntlet | Found a runed translucent door.
 20176 | Gauntlet | Found a runed translucent door.
 20186 | Gauntlet | Found a transporter.
 20205 | Gauntlet | Found a transporter.
 20205 | Gauntlet | Found a transporter.
 20205 | Gauntlet | Found a transporter.
 20207 | Gauntlet | Found a transporter.
 20207 | Gauntlet | Found a transporter.
 20219 | Gauntlet | Found a transporter.
 20235 | Gauntlet | Found a transporter.
 20245 | Gauntlet | Found a transporter.
 20261 | Gauntlet | Found a transporter.
 20280 | Gauntlet | Found a transporter.
 20280 | Gauntlet | Found the +2 cloak of the Thief {*Fog Slay-2 SInv Stlth+}
 20292 | Gauntlet | Found a transporter.
 20659 | Gauntlet | Identified the +3 pair of boots "Wismuq" {+Inv rElec
                  | Slay+4}
 20699 | Gauntlet | Identified the ring "Dokir" {rElec rF+ MP+9 Stlth+}
 20714 | Gauntlet | Identified the +5 whip "Manainak" {speed, rElec rPois rF+
                  | Int+2}
 20715 | Gauntlet | Got the Spellbook of the Telluric Shot
 20959 | D:11     | Identified the ring "Tiecyo" {rF- MP+9 Int+2 Slay+4}
 21079 | D:11     | Acquired a manual of Shields
 21274 | D:11     | Noticed a stone giant
 21288 | D:11     | Killed a stone giant
 21297 | D:11     | Reached XP level 16. HP: 119/138 MP: 16/16
 21343 | D:11     | Found the +5 glaive of the Guard {elec, spectral, AC+5}
 21348 | D:11     | Identified the +0 dire flail "Ymoalacw" {freeze, rElec rN+
                  | Int+4 SInv}
 21357 | D:11     | Identified the +3 falchion of Cosmiomm {elec, Contam Dex+4}
 21984 | Spider:1 | Entered Level 1 of the Spider Nest
 22142 | Spider:1 | Identified the +8 falchion of Opsar {heavy, rElec rF+++ rC-
                  | Int+3}
 23249 | Spider:2 | Found a frozen archway.
 23253 | IceCv    | Entered an ice cave
 23379 | IceCv    | Reached skill level 15 in Shields
 23822 | IceCv    | Noticed a frost giant
 23822 | IceCv    | Noticed a frost giant
 23842 | IceCv    | Killed a frost giant
 23850 | IceCv    | Killed a frost giant
 24494 | Spider:2 | Reached XP level 17. HP: 144/144 MP: 17/17
 25368 | Spider:3 | Identified the +1 robe of Beogh's Envy {rPois rF+ Will+}
 25656 | Spider:3 | Reached skill level 15 in Armour
 26254 | Spider:4 | Entered Level 4 of the Spider Nest
 26663 | Spider:4 | Reached XP level 18. HP: 144/151 MP: 1/18
 26779 | Spider:4 | Found the +2 hood of the Assassin {Detect Stab+ Stlth++}
 26921 | Spider:4 | Got a gossamer rune of Zot
 27736 | Shoals:1 | Entered Level 1 of the Shoals
 27792 | Shoals:1 | Noticed Louise
 27805 | Shoals:1 | Killed Louise
 30163 | Shoals:3 | Reached XP level 19. HP: 156/161 MP: 19/19
 30715 | Shoals:4 | Entered Level 4 of the Shoals
 31378 | Shoals:4 | Got a barnacled rune of Zot
 31601 | Shoals:4 | Got the Incunabulum of Ouranomancy and Grit
 32123 | Elf:1    | Entered Level 1 of the Elven Halls
 32226 | Elf:1    | Found Vucwesm's Antique Armour Shoppe.
 32376 | Elf:1    | Noticed Agnes
 32384 | Elf:1    | Killed Agnes
 32385 | Elf:1    | Reached XP level 20. HP: 161/170 MP: 20/20
 32457 | Elf:1    | HP: 5/162 [barbs]
 32826 | Elf:1    | Bought a pair of polished boots for 332 gold pieces
 32826 | Elf:1    | Identified the +1 pair of boots of the Buccaneer {Str+2}
                  | (You bought it in a shop on level 1 of the Elven Halls)
 33621 | Elf:2    | Found a huge runed translucent gate.
 33621 | Elf:2    | Found a huge runed translucent gate.
 33621 | Elf:2    | Found a huge runed translucent gate.
 33621 | Elf:2    | Found a huge runed translucent gate.
 33621 | Elf:2    | Found a huge runed translucent gate.
 33622 | Elf:2    | Identified the +6 battleaxe of Defilement {flame, *Rage
                  | Int+5 SInv}
 34850 | Elf:3    | Entered Level 3 of the Elven Halls
 35002 | Elf:3    | Reached XP level 21. HP: 136/180 MP: 21/21
 35462 | Elf:3    | Identified the ring of the Everdark {Wiz rC+ Dex+4}
 35517 | Elf:3    | Identified the +11 mace "Ant's Peril" {spect, rF++}
 35595 | Elf:3    | Identified the +1 troll leather armour of Nuiruseo {Regen+
                  | Int+2}
 35607 | Elf:3    | Identified the +9 dagger "Gram" {heavy, rPois Str+4}
 35952 | Elf:3    | Identified the +7 hand crossbow of Zidugg {flame, Int+5
                  | Stlth+}
 35961 | Elf:3    | Got the Annotations on Ensorcelling and Moulding
 35963 | Elf:3    | Identified the +2 great sword of the Forgotten Knives
                  | {protect, Str+4 Int+4}
 38111 | D:14     | You fall into a shaft and drop 1 floor!
 38111 | D:15     | Entered Level 15 of the Dungeon
 38601 | D:14     | Found a gate to the Vaults.
 38774 | D:15     | Noticed Josephine
 38784 | D:15     | Killed Josephine
 38927 | D:15     | Found a staircase to the Depths.
 38936 | D:15     | Identified the +6 falchion of the Open Hand {venom, Str+4}
 39059 | D:15     | Reached XP level 22. HP: 178/190 MP: 22/22
 39530 | Depths:1 | Entered Level 1 of the Depths
 39561 | Depths:1 | Found a gateway to Hell.
 39983 | Vaults:1 | Entered Level 1 of the Vaults
 40163 | Vaults:1 | Noticed Zenata
 40173 | Vaults:1 | Killed Zenata
 40702 | Vaults:1 | Identified the +2 robe "Xeurumum" {Str+6 Dex-4}
 40708 | Vaults:1 | Identified the +1 hat "Uttygefru" {rElec rPois rCorr Int-3}
 40716 | Vaults:1 | Found a radiant altar of Vehumet.
 41431 | Vaults:1 | Found Toasimic's Magic Scroll Shoppe.
 41436 | Vaults:1 | Bought a scroll of enchant weapon for 135 gold pieces
 42733 | Vaults:2 | Reached skill level 27 in Shields
 42879 | Vaults:2 | Reached XP level 23. HP: 185/196 MP: 23/23
 43304 | Vaults:3 | Noticed Jory
 43321 | Vaults:3 | Killed Jory
 43863 | Vaults:3 | Noticed Saint Roka
 43890 | Vaults:3 | Killed Saint Roka
 44107 | Vaults:3 | Found a staircase to the Crypt.
 44107 | Vaults:3 | Found an ancient bone altar of Kikubaaqudgha.
 44108 | Vaults:3 | Found a basalt altar of Yredelemnul.
 44712 | Vaults:3 | Identified the +6 trident of Dibotood {heavy, rN+ Stlth+}
 44744 | Vaults:3 | Noticed Aizul
 44748 | Vaults:3 | Killed Aizul
 45381 | Vaults:4 | Identified the +2 chain mail of the Lobster {*Corrode Fly
                  | rN++ Int+4}
 45458 | Vaults:4 | Reached XP level 24. HP: 210/210 MP: 23/23
 45597 | Vaults:4 | Identified the +2 quarterstaff "Kobresmu" {heavy, Fragile
                  | rF+ Str+3}
 46084 | Vaults:4 | Noticed Margery
 46111 | Vaults:4 | Killed Margery
 46500 | Vaults:4 | Reached XP level 25. HP: 219/219 MP: 23/23
 47771 | Depths:1 | Found Ososuq's Armour Shoppe.
 47897 | Depths:1 | Found Wufoix's Overcharged Wands.
 48215 | Depths:2 | Found a one-way gateway to a ziggurat.
 48300 | Depths:2 | Found a radiant altar of Vehumet.
 48438 | Depths:2 | Reached XP level 26. HP: 69/219 MP: 23/23
 48969 | Depths:2 | Found a one-way gate leading to the halls of Pandemonium.
 49188 | Depths:2 | Found a snail-covered altar of Cheibriados.
 49653 | Slime:1  | Entered Level 1 of the Pits of Slime
 50122 | Slime:5  | Entered Level 5 of the Pits of Slime
 50296 | Slime:5  | Noticed Dissolution
 50307 | Slime:5  | Killed Dissolution
 50342 | Slime:4  | Reached skill level 27 in Polearms
 50642 | Slime:5  | Gained mutation: You are frail. (-10% HP) [a shining eye]
 50701 | Slime:5  | Found a viscous altar of Jiyva.
 50743 | Slime:5  | Found the +4 Cigotuvi's embrace {Corpsefed rMiasma Drain
                  | rN+}
 50910 | Slime:5  | Noticed the Royal Jelly
 50946 | Slime:5  | Killed the Royal Jelly
 50983 | Slime:5  | Got a slimy rune of Zot
 50991 | Slime:5  | Identified the +5 broad axe of Rotation {vamp, rN+ Will+
                  | Str+3}
 51222 | Slime:5  | Identified the ring "Xeem" {Fly rElec}
 51230 | Slime:5  | Identified the +1 plate armour "Plog" {rCorr Str-2 Dex+2}
 51263 | Slime:5  | Identified the +4 short sword "Ilef" {protect, rCorr Str-3
                  | Int-2 Dex+7}
 51280 | Slime:5  | Identified the ring of Qazlal's Inspiration {rF+ rCorr
                  | Str-2 Stlth+}
 51842 | Depths:3 | Found Mimnycor's Weapon Shoppe.
 51844 | Depths:3 | Found Arphoudgha's General Store.
 51846 | Depths:3 | Found Iwyo's Book Shoppe.
 52017 | Depths:3 | Noticed a juggernaut
 52035 | Depths:3 | Killed a juggernaut
 52370 | Depths:3 | Noticed a juggernaut
 52376 | Depths:3 | Killed a juggernaut
 52387 | Depths:3 | Identified the +6 scimitar of the Evil Eye {protect, +Blink
                  | rN+ Str+4}
 52782 | Depths:3 | Reached XP level 27. HP: 220/220 MP: 23/23
 52817 | Depths:3 | Reached skill level 1 in Throwing
 53428 | Depths:3 | Found a blossoming altar of Fedhas.
 53649 | Depths:3 | Noticed a juggernaut
 53653 | Depths:3 | Reached skill level 5 in Throwing
 53658 | Depths:3 | Killed a juggernaut
 53671 | Depths:3 | Found a one-way gate to the infinite horrors of the Abyss.
 53855 | Depths:4 | Entered Level 4 of the Depths
 53858 | Depths:4 | Found an ornate altar of the Wu Jian Council.
 53880 | Depths:4 | Found a shadowy altar of Dithmenos.
 53947 | Depths:4 | Found Getol's Magic Scroll Boutique.
 53948 | Depths:4 | Found Muabad's Weapon Shop.
 53949 | Depths:4 | Identified the +0 robe of Ennui {rElec MP+9 Str-2 Dex+4}
 53962 | Depths:4 | Noticed a juggernaut
 53973 | Depths:4 | Killed a juggernaut
 54183 | Depths:4 | Bought a scroll of enchant weapon for 127 gold pieces
 54183 | Depths:4 | Bought a scroll of enchant weapon for 127 gold pieces
 54289 | Depths:4 | Found a gate to the Realm of Zot.
 54745 | Depths:4 | Reached skill level 27 in Fighting
 54864 | Depths:4 | Found Lupibo's Magic Scroll Boutique.
 55000 | Depths:4 | Found Tuczos Xahe's Distillery.
 55009 | Depths:4 | Bought 2 potions of resistance for 460 gold pieces
 55009 | Depths:4 | Bought a potion of might for 92 gold pieces
 55009 | Depths:4 | Bought a potion of heal wounds for 115 gold pieces
 55009 | Depths:4 | Bought a potion of curing for 69 gold pieces
 55098 | Depths:4 | Noticed Sojobo
 55122 | Depths:4 | Killed Sojobo
 55875 | Orc:2    | Bought a scroll of enchant weapon for 90 gold pieces
 56257 | Depths:4 | Bought a scroll of enchant armour for 127 gold pieces
 56488 | Vaults:1 | Bought 3 scrolls of enchant armour for 405 gold pieces
 56634 | Vaults:5 | Entered Level 5 of the Vaults
 57383 | Vaults:5 | Noticed a dread lich
 57399 | Vaults:4 | Killed a dread lich
 57654 | Vaults:4 | Reached skill level 10 in Throwing
 58220 | Vaults:5 | Identified the ring of Piluasum {Str+3 Int+6}
 58499 | Vaults:5 | Identified the +0 scale mail of Reason {+Blink rCorr}
 58644 | Vaults:5 | Identified the +4 shortbow of the Badger {antimagic, rF-
                  | rC+ Str+2 Int+2}
 58780 | Vaults:5 | Got a silver rune of Zot
 58937 | Vaults:5 | Noticed an ancient lich
 58946 | Vaults:5 | Killed an ancient lich
 59268 | Vaults:5 | Identified the +2 ring mail of Fuchy {+Blink rC+}
 59653 | Vaults:5 | Acquired the +3 tower shield of Impressiveness {+Inv rC+}
 60001 | Zot:1    | Entered Level 1 of the Realm of Zot
 60109 | Zot:1    | Identified the +6 quarterstaff of Gallantry {holy, rElec
                  | rPois rN+ Dex-2}
 60242 | Zot:1    | Found a runed translucent gate.
 60242 | Zot:1    | Found a runed translucent gate.
 60242 | Zot:1    | Found a runed translucent gate.
 60253 | Zot:1    | Noticed Bealaq's ghost (legendary GnFE)
 60647 | Zot:1    | Killed Bealaq's ghost
 61200 | Zot:2    | Identified the amulet "Xokidi Yday" {Acrobat Contam Fly
                  | Will- SInv}
 61970 | Zot:2    | Lost mutation: You are frail. (-10% HP) [potion of
                  | mutation]
 61970 | Zot:2    | Gained mutation: You are somewhat resistant to further
                  | mutation. [potion of mutation]
 62655 | Zot:2    | Identified the +6 scale mail of Vlad {rN+ Will+ Regen+}
 63833 | Zot:4    | Identified the +1 kite shield of Boredom {rN+ Regen+ Int+4}
 64597 | Zot:5    | Entered Level 5 of the Realm of Zot
 64703 | Zot:5    | Noticed an orb of fire
 64713 | Zot:5    | Gained mutation: You occasionally lose the ability to drink
                  | potions when taking damage. [an orb of fire]
 64717 | Zot:5    | Killed an orb of fire
 64718 | Zot:5    | Reached skill level 15 in Throwing
 64730 | Zot:5    | Identified the +5 plate armour "Muptony" {Dex+3 SInv}
 64733 | Zot:5    | Noticed an orb of fire
 64739 | Zot:5    | Gained mutation: Your spells are a little harder to cast,
                  | but a little more powerful. [an orb of fire]
 64746 | Zot:5    | Killed an orb of fire
 64747 | Zot:5    | Noticed an orb of fire
 64765 | Zot:5    | Killed an orb of fire
 64769 | Zot:5    | Noticed a Killer Klown
 64775 | Zot:5    | Killed a Killer Klown
 64777 | Zot:5    | Noticed an orb of fire
 64790 | Zot:5    | Killed an orb of fire
 65123 | Zot:5    | Noticed a Killer Klown
 65138 | Zot:5    | Killed a Killer Klown
 65749 | Zot:5    | Noticed a Killer Klown
 65851 | Zot:5    | Noticed an orb of fire
 65867 | Zot:5    | Killed an orb of fire
 65971 | Zot:5    | Killed a Killer Klown
 66057 | Zot:5    | Noticed an ancient lich
 66075 | Zot:5    | Killed an ancient lich
 66238 | Zot:5    | Noticed a Killer Klown
 66243 | Zot:5    | Noticed an orb of fire
 66248 | Zot:5    | Noticed a Killer Klown
 66253 | Zot:5    | Killed a Killer Klown
 66258 | Zot:5    | Killed an orb of fire
 66259 | Zot:5    | Noticed an orb of fire
 66262 | Zot:5    | Killed a Killer Klown
 66272 | Zot:5    | Killed an orb of fire
 66273 | Zot:5    | Reached skill level 27 in Armour
 66518 | Zot:5    | Got the Orb of Zot
 66587 | Zot:5    | Noticed Puogir the pandemonium lord
 66796 | Zot:1    | Noticed Gomn the pandemonium lord
 66878 | Zot:1    | Killed Gomn the pandemonium lord
 67415 | D:2      | Noticed Natasha
 67419 | D:2      | Killed Natasha
 67494 | D:$      | Escaped with the Orb!

Illustrated notes

Levels and vault maps discovered:
D:1:      wander_arrival_abandoned_jail, layout_basic, serial_forest,
          infiniplex_forest_end_2, infiniplex_forest_straight_1,
          infiniplex_forest_end_1, infiniplex_forest_straight_3,
          infiniplex_forest_lined_ring, infiniplex_forest_lined_room_2
D:2:      layout_basic, basic_altar, minmay_lizard_king, uniq_natasha
D:3:      layout_loops_ring, serial_shops, shop, ebering_ecumenical_altar_box,
          uniq_sigmund
D:4:      layout_gridville, uniq_duvessa, uniq_blork_the_orc, uniq_eustachio
D:5:      layout_loops_corners, mainiacjoe_overflow_24_doors,
          minmay_misc_feat_secret_circle
D:6:      layout_cave_pools, kennysheep_mini, nicolae_hepliaklqana_hazy_memory,
          kennysheep_mini_moat, serial_park_tiny_2
D:7:      layout_basic, nicolae_overflow_two_pavilions,
          minmay_temple_entry_antechambers, enter_bailey_4,
          minmay_tree_intersection
D:8:      layout_basic, yredelemnul_forgotten_temple_becter,
          fedhas_bush_and_centaur_altar, dpeg_lair_monsters, solitary_fountain,
          uniq_maurice, uniq_erica, uniq_amaemon, uniq_prince_ribbit1
D:9:      cheibrodos_fzero, layout_loops_cross, amethyst_overflow_temple_binary,
          mainiacjoe_overflow_two_lobes, orc_0_dummy, st_stairs_7
D:10:     layout_irregular_city, kiku_gazebo_garden_becter, ebering_ghost_xom,
          kennysheep_nub, nicolae_concentric_dashed_squares_wild,
          serial_bayou_lake_a
D:11:     giant_chief_lemuel, layout_cave_pools, gauntlet_entry_generic,
          serial_column_ruins, column_ruins_hut_ruined, column_ruins_grid_1,
          column_ruins_corridor_T, column_ruins_corridor_straight,
          column_ruins_columns_water, column_ruins_columns_straight,
          column_ruins_open_small
D:12:     layout_gridville, chequers_serial_rivers_micro_c,
          minmay_misc_feat_columns, minmay_diced_spiral
D:13:     layout_grid_maze
D:14:     layout_gridville, david_vaults_5, corexii_hall_statues_s
D:15:     hangedman_depths_entry_civil_slaughter, layout_long_grid,
          hangedman_decor_lopped, nicolae_looking_at_the_future, uniq_josephine
Lair:1:   layout_misc_corridors
Lair:2:   layout_hall_layers, shoals_dummy_entry,
          nicolae_spider_entry_non_spiders, nicolae_lair_run_with_the_wolves,
          lemuel_fruit_fields
Lair:3:   layout_cave_pods
Lair:4:   layout_concentric_octagons, dpeg_slime_entry_corner, uniq_nessos
Lair:5:   guppyfry_lair_end_dragon, layout_regular_city,
          hangedman_lair_in_review, uniq_rupert
Shoals:1: layout_shoals, uniq_louise
Shoals:2: layout_shoals
Shoals:3: layout_shoals, nicolae_shoals_enchanted_isle
Shoals:4: shoals_end_hellmonk_lost_city
Spider:1: layout_chambers, drop_trap, nicolae_spider_circle_web,
          guppyfry_spider_mini_3, hangedman_spider_tarantella_strand
Spider:2: layout_spider_delve, portal_ice_cave_entry_pillars_four
Spider:3: layout_spider_delve, special_room, spiders_nest_spider_trap
Spider:4: grunt_spider_rune_circles
Slime:1:  layout_caves
Slime:2:  layout_caves
Slime:3:  nicolae_slime_infinislime, layout_caves, nicolae_slime_crime_time
Slime:4:  layout_caves
Slime:5:  uniq_dissolution
Orc:1:    layout_caves, uniq_jorgrun
Orc:2:    st_orc_elflike, layout_diamond_mine, nicolae_shop_self_help
Elf:1:    nicolae_elf_arrival_no_cutting_in_line, layout_rooms, serial_shops,
          shop, special_room [special_room_mythical_zoo],
          hangedman_elven_crosses_minicolossus, lemuel_flamethrower_2,
          uniq_agnes
Elf:2:    elven_hall_of_blades_hangedman_alternative
          [mumra_blade_entry_bloodbath], layout_geoelf_grid, serial_sigils,
          serial_sigils_hangedman_leer, serial_sigils_hangedman_writhe,
          serial_sigils_hangedman_shear, serial_sigils_hangedman_shear
Elf:3:    minmay_elf_hall_quartered_circle, layout_rooms, minmay_misc_feat_five,
          nicolae_elf_martial_mastery
Vaults:1: grunt_tower_of_power, ontoclasm_vaults_shuriken,
          nicolae_vaults_network_barrier, v_misc_17, v_misc_10,
          nicolae_vaults_mini_display_case, vaults_room_pool,
          layout_vaults_quadrants, serial_shops, nicolae_shop_trees, uniq_zenata
Vaults:2: v_alt_pattern_5, vaults_mumra_lcd, v_misc_2, grunt_vaults_funnel,
          v_misc_24, v_alt_pattern_1, kb_rosetta, ontoclasm_vaults_spin,
          nicolae_vaults_network_square, vaults_standard_mumra_lines,
          layout_vaults_ring
Vaults:3: nicolae_vaults_big_angled_halls, nicolae_vaults_network_s,
          v_pattern_5, minmay_crypt_entry_necro_gods, vaults_mumra_minichess,
          nicolae_vaults_theta, dpeg_vaults_hating_casters, grunt_vaults_swirl,
          v_misc_2, v_rooms_5, layout_vaults_omnibox, uniq_saint_roka,
          uniq_aizul, uniq_jory
Vaults:4: v_misc_2, v_pattern_3, nicolae_vaults_asterisk,
          nicolae_vaults_alarming, v_misc_31, v_misc_12,
          ontoclasm_vaults_ring_large, v_misc_25, ontoclasm_vaults_twist,
          nicolae_vaults_border_crossing, nicolae_vaults_little_squares_2,
          layout_vaults_maze_bifur, uniq_margery
Vaults:5
Depths:1: layout_long_grid, serial_shops, nicolae_lakefront_shop, minivault_14,
          grunt_hell_horde, infiniplex_enter_wizlab_water,
          nicolae_shop_overcharged_wands
Depths:2: minmay_octo_star, layout_cave_pools, enter_ziggurat_f,
          vehumet_crystals, hell_entry, rand_demon_pan_entry_3,
          chei_slow_surprise
Depths:3: cell_vault, layout_cave_shapes,
          nicolae_abyss_entry_one_way_or_another, hell_entry, basic_altar,
          minmay_shop_star, serial_bayou_shore_a, infiniplex_staircase_pillars_2
Depths:4: evilmike_zot_entry_argh, layout_small_grid, hell_entry, abyss_entry,
          serial_shops, shop, nicolae_shop_hallway_stairs, shop,
          nicolae_shop_statue_plus, nzn_wu_jian_contemplation,
          nicolae_dithmenos_the_darkroom, serial_bayou_shore_b, uniq_sojobo
Zot:1:    layout_cathedral_of_symmetry, ebering_ghost_rock_garden,
          grunt_megastairs_4
Zot:2:    gammafunk_mikee_crab_dinner, layout_gridlike, guppyfry_library_mini
Zot:3:    layout_gridlike
Zot:4:    layout_gridlike
Zot:5:    layout_twisted_circle, grunt_megastairs_3

Skill      XL: |  1  2  3  4  5  6  7  8  9 10 11 12 13 14 15 16 17 18 19 20 21 22 23 24 25 26 27 |
---------------+----------------------------------------------------------------------------------+-----
Polearms       | 3 4 6 7 8 10 13 14 16 17 18 20 22 23 24 25 26 27 | 27.0
Fighting       | 8 10 12 14 16 17 18 19 20 21 22 23 26 27 | 27.0
Armour         | 8 10 11 13 16 17 18 19 20 27 | 27.0
Shields        | 9 10 12 18 20 21 23 27 | 27.0
Throwing       | 17 | 17.5

Action                     |  1- 3 |  4- 6 |  7- 9 | 10-12 | 13-15 | 16-18 | 19-21 | 22-24 | 25-27 || total
---------------------------+-------+-------+-------+-------+-------+-------+-------+-------+-------++-------
  Melee: Trident           |   146 |   118 |   377 |   183 |       |       |       |       |       ||   824
         Halberd           |       |       |       |   404 |   913 |       |       |       |       ||  1317
         Glaive            |       |       |       |       |   183 |   756 |   711 |   745 |   798 ||  3193
         Bardiche          |       |       |       |       |       |       |       |       |  1399 ||  1399
  Throw: Dart              |       |       |     1 |     6 |     1 |       |       |       |       ||     8
         Boomerang         |       |       |       |       |       |       |       |       |     3 ||     3
 Invoke: Sacrifice Purity  |       |     1 |       |       |       |       |       |       |       ||     1
         Sacrifice Nimblen |       |       |       |     1 |       |       |       |       |       ||     1
         Sacrifice Words   |       |       |       |     1 |       |       |       |       |       ||     1
         Sacrifice Arcana  |       |       |       |       |     1 |       |       |       |       ||     1
         Power Leap        |       |       |       |       |     1 |       |     1 |       |       ||     2
         Sacrifice Artific |       |       |       |       |     1 |       |       |       |       ||     1
         Apocalypse        |       |       |       |       |       |       |       |     1 |     4 ||     5
Ability: Dig               |       |       |       |       |     4 |     3 |     5 |       |     8 ||    20
  Evoke: Wand              |       |       |       |     8 |       |       |       |       |       ||     8
    Use: Potion            |       |     2 |       |     3 |     1 |     1 |     5 |     1 |     3 ||    16
         Scroll            |       |     1 |    15 |     5 |     8 |       |     1 |     3 |    24 ||    57
   Stab: Invisible         |       |       |     1 |    11 |    36 |     4 |     3 |     6 |    20 ||    81
         Distracted        |       |       |       |     2 |     3 |    10 |    15 |    16 |    24 ||    70
         Petrified         |       |       |       |       |     7 |       |       |       |       ||     7
         Paralysed         |       |       |       |       |     1 |       |     1 |       |     7 ||     9
         Petrifying        |       |       |       |       |       |       |     1 |       |       ||     1
 Armour: Scale mail        |    63 |    24 |    95 |   112 |   216 |    97 |    79 |    87 |    69 ||   842
         Ring mail         |       |       |       |     7 |       |       |       |       |       ||     7
         Acid dragon scale |       |       |       |       |       |       |       |       |    29 ||    29
         Gold dragon scale |       |       |       |       |       |       |       |       |   369 ||   369
  Dodge: Dodged            |    67 |    25 |   119 |   186 |   255 |    92 |    67 |    89 |   255 ||  1155
  Block: Buckler           |    26 |    39 |   141 |   170 |    16 |       |       |       |       ||   392
         Reflection        |       |     1 |     7 |     2 |    18 |    25 |   164 |    87 |    52 ||   356
         Kite shield       |       |       |       |       |   516 |   213 |       |       |       ||   729
         Tower shield      |       |       |       |       |       |   107 |   367 |   422 |  1461 ||  2357

Table legend: (Time is in decaauts)
 A = Elapsed time spent in this place.
 B = Non-inter-level travel time spent in this place.
 C = Inter-level travel time spent in this place.
 D = Time resting spent in this place.
 E = Time spent auto-exploring this place.
 F = Levels seen in this place.
 G = Mean time per level.
                   A        B        C        D        E       F      G
               +--------+--------+--------+--------+--------+-----+--------+
         Total |  66036 |  59741 |   6295 |   8047 |  38809 |  55 | 1200.7 |
       Dungeon |  16236 |  13375 |   2861 |    859 |   9925 |  15 | 1082.4 |
          Lair |   7691 |   6872 |    819 |   1015 |   4448 |   5 | 1538.2 |
        Shoals |   4137 |   3966 |    171 |    342 |   2877 |   4 | 1034.2 |
   Spider Nest |   4300 |   4192 |    108 |    322 |   2980 |   4 | 1075.0 |
    Slime Pits |   1483 |   1391 |     92 |    557 |    179 |   5 |  296.6 |
  Orcish Mines |   2746 |   2262 |    484 |    639 |   1159 |   2 | 1373.0 |
   Elven Halls |   3737 |   3586 |    151 |    512 |   2007 |   3 | 1245.7 |
        Vaults |   9805 |   9203 |    602 |   1265 |   6370 |   5 | 1961.0 |
        Depths |   6710 |   6095 |    615 |   1006 |   3968 |   4 | 1677.5 |
           Zot |   6645 |   6256 |    389 |    878 |   3950 |   5 | 1329.0 |
        Bailey |    990 |    990 |      0 |    354 |    368 |   1 |  990.0 |
      Ice Cave |    956 |    956 |      0 |    293 |    383 |   1 |  956.0 |
      Gauntlet |    594 |    594 |      0 |      0 |    193 |   1 |  594.0 |
               +--------+--------+--------+--------+--------+-----+--------+

Top non-repeatable levels by time:
Vaults:4: 3069 daAuts
  Lair:5: 2559 daAuts
   Orc:2: 2114 daAuts
Depths:3: 2074 daAuts
   Zot:5: 1867 daAuts
   Zot:2: 1838 daAuts
Depths:4: 1803 daAuts
Vaults:2: 1768 daAuts
Vaults:3: 1715 daAuts
Vaults:1: 1665 daAuts
Vaults:5: 1586 daAuts
  Lair:4: 1573 daAuts
     D:8: 1568 daAuts
    D:10: 1475 daAuts
Depths:1: 1451 daAuts
